 Dungeon Sprint DCSS version 0.16-a0-3841-g2612308 (console) character file.

104 Monkaria the Carver (level 4, -6/70 HPs)
             Began as a Hill Orc Fighter on Jan 30, 2015.
             Was a Plaything of Xom.
             Mangled by a hill giant
             ... wielding a +0 giant club
              (20 damage)
             ... in the Dungeon (Sprint IX: "|||||||||||||||||||||||||||||").
             The game lasted 00:01:04 (411 turns).

Monkaria the Carver (Hill Orc Fighter)               Turns: 411, Time: 00:01:04

Health: -6/70      AC: 12    Str: 24    XL:     4   Next: 80%
Magic:  4/4        EV:  9    Int:  8    God:    Xom [....*.]
Gold:   0          SH:  9    Dex: 10    Spells: 0 memorised, 3 levels left

rFire  . . .     SeeInvis .     p - +2 scimitar (drain)
rCold  . . .     Clarity  .     s - +1 scale mail
rNeg   . . .     SustAb   .     c - +0 shield
rPois  .         Gourm    .     (no helmet)
rElec  .         Spirit   .     (no cloak)
rCorr  .         Warding  .     r - +0 pair of gloves
rMut   .         NoTele   +     q - +0 pair of boots
MR     .....                    (no amulet)
Stlth  ..........               u - +2 ring of protection
                                t - +2 ring of evasion

@: berserking (expiring), very quick, not resistant to hostile enchantments,
extremely unstealthy
A: no striking features
a: Renounce Religion


You were in the Dungeon.
You worshipped Xom.
You were a beloved toy of Xom.
You were not hungry.

You visited 1 branch

Inventory:

Hand weapons
 p - a +2 scimitar of draining (weapon)
Armour
 c - a +0 shield (worn)
 q - a +0 pair of boots (worn)
 r - a +0 pair of gloves (worn)
 s - a +1 scale mail (worn)
Jewellery
 t - a +2 ring of evasion (left hand)
 u - a +2 ring of protection (right hand)
Magical devices
 o - a wand of fire (7)
Scrolls
 k - 2 scrolls of blinking
 m - 3 scrolls of remove curse
 n - 2 scrolls of amnesia
Potions
 e - a potion of might
 f - 5 potions of curing
 g - 3 potions of heal wounds
 h - a potion of haste
 i - 4 potions of magic
 j - a potion of berserk rage
 l - a potion of invisibility
Comestibles
 d - a meat ration


   Skills:
 + Level 7.1 Fighting
 * Level 8.4 Long Blades
 - Level 3.2 Armour
 - Level 3.2 Shields


You had 3 spell levels left.
You didn't know any spells.

Dungeon Overview and Level Annotations

Branches:
Dungeon (1/1)

Altars:
Cheibriados
Dithmenos
Elyvilon
Fedhas
Gozag
Kikubaaqudgha
Makhleb
Nemelex Xobeh
Okawaru
Qazlal
Ru
Sif Muna
Trog
Vehumet
Xom
Yredelemnul
Zin
The Shining One
Beogh
Jiyva
Lugonu


Message History

The hill giant hits you with a giant club!!
There is an open door to the Dungeon, spattered with blood here.
You see here a killer bee corpse.
You hit the hill giant.
The hill giant is lightly wounded.
You slice the hill giant!! You drain the hill giant!
The hill giant is heavily wounded.
The hill giant barely misses you.
You slash the hill giant! You drain the hill giant!
The hill giant is almost dead.
The hill giant hits you with a giant club!!
* * * LOW HITPOINT WARNING * * *
Xom is amused.
You barely miss the hill giant.
The hill giant is almost dead.
You barely miss the hill giant.
The hill giant is almost dead.
The hill giant hits you with a giant club!!
You die...
Xom chortles!

▓.▓
∆ ∆
▓|▓
∆
▓)▓
∆
▓[▓
∆
▓.▓
∆
▓.▓
▓.▓
∆
▓.▓
▓@▓
∆
▓C▓
∆
▓F▓
∆ ∆
▓Z▓
∆
▓Y▓
∆ ∆
▓.▓
∆
▓.▓
∆ ∆
▓+▓
∆ ∆
∆


You could see a hill giant, a yak, a giant frog and an adder skeleton.

Vanquished Creatures
  A killer bee (D)
  A crimson imp (D)
  An adder (D)
  An orc (D)
  2 giant cockroaches (D)
  A ball python zombie (D)
  A bat (D)
  A giant newt (D)
  2 kobolds (D)
  A rat (D)
12 creatures vanquished.

Notes
Turn   | Place    | Note
--------------------------------------------------------------
     0 | D        | Monkaria, the Hill Orc Fighter, began the quest for the Orb.
     0 | D        | Reached XP level 1. HP: 19/19 MP: 1/1
    18 | D        | Reached skill level 4 in Fighting
   100 | D        | Noticed a crimson imp
   111 | D        | Killed a crimson imp
   111 | D        | Reached skill level 5 in Fighting
   111 | D        | Reached skill level 6 in Long Blades
   111 | D        | Reached XP level 2. HP: 16/30 MP: 2/2
   111 | D        | Reached XP level 3. HP: 19/37 MP: 3/3
   134 | D        | Found a glowing silver altar of Zin.
   134 | D        | Found a glowing golden altar of the Shining One.
   134 | D        | Found an ancient bone altar of Kikubaaqudgha.
   134 | D        | Found a basalt altar of Yredelemnul.
   134 | D        | Found a shimmering altar of Xom.
   134 | D        | Found a radiant altar of Vehumet.
   134 | D        | Found an iron altar of Okawaru.
   135 | D        | Found a burning altar of Makhleb.
   136 | D        | Found a deep blue altar of Sif Muna.
   137 | D        | Found a bloodstained altar of Trog.
   138 | D        | Found a sparkling altar of Nemelex Xobeh.
   139 | D        | Found a white marble altar of Elyvilon.
   140 | D        | Found a roughly hewn altar of Beogh.
   141 | D        | Found a viscous altar of Jiyva.
   142 | D        | Found a corrupted altar of Lugonu.
   143 | D        | Found a blossoming altar of Fedhas.
   144 | D        | Found a snail-covered altar of Cheibriados.
   145 | D        | Found a shadowy altar of Dithmenos.
   146 | D        | Found a stormy altar of Qazlal.
   147 | D        | Found an opulent altar of Gozag.
   148 | D        | Found a sacrificial altar of Ru.
   360 | D        | Became a worshipper of Xom of Chaos
   387 | D        | Noticed a killer bee
   387 | D        | Noticed a hill giant
   387 | D        | Noticed a giant frog
   387 | D        | Noticed a yak
   400 | D        | XOM: potion effect (berserk rage)
   402 | D        | XOM: divination: detect items
   405 | D        | Killed a killer bee
   405 | D        | Reached skill level 7 in Fighting
   405 | D        | Reached skill level 8 in Long Blades
   405 | D        | Reached XP level 4. HP: 47/47 MP: 4/4
   411 | D        | Mangled by a hill giant

Action                   |  1- 3 |  4- 6 || total
-------------------------+-------+-------++-------
Melee: Long sword        |    48 |       ||    48
       Scimitar          |    18 |     5 ||    23
